 Dungeon Crawl Stone Soup version 0.24-a0-375-g4de66ed42b (webtiles) character file.

Game seed: 18275495170203446992

109 Nautrax the Sneak (level 5, 0/34 HPs)
             Began as a Halfling Assassin on May 31, 2019.
             Slain by a killer bee zombie (2 damage)
             ... on level 4 of the Dungeon.
             The game lasted 00:11:04 (1677 turns).

Nautrax the Sneak (Halfling Assassin)               Turns: 1677, Time: 00:11:05

Health: 0/34       AC:  5    Str: 12    XL:     5   Next: 13%
Magic:  5/5        EV: 14    Int:  9    God:
Gold:   101        SH:  0    Dex: 17    Spells: 4/4 levels left

rFire    . . .     SeeInvis .   g - -2 spear (curse)
rCold    . . .     Gourm    .   (shield restricted)
rNeg     . . .     Faith    .   h - +0 leather armour
rPois    .         Spirit   .   (no helmet)
rElec    .         Reflect  .   c - +1 cloak
rCorr    .         Harm     .   (no gloves)
MR       .....                  (no boots)
Stlth    +++.......             n - amulet of regeneration
HPRegen  0.51/turn              (no ring)
MPRegen  0.09/turn              (no ring)

@: no status effects
A: small, mutation resistance 1
a: no special abilities


You were on level 4 of the Dungeon.
You were hungry.

You visited 1 branch of the dungeon, and saw 4 of its levels.

You collected 101 gold pieces.

Inventory:

Hand Weapons
 a - a +2 dagger
 g - a cursed -2 spear (weapon)
 o - a +1 hunting sling
Missiles
 d - 4 poisoned darts (quivered)
 e - 2 curare-tipped darts
 p - 14 sling bullets
 q - 45 stones
Armour
 b - a +0 robe
 c - a +1 cloak (worn)
 h - a +0 leather armour (worn)
Jewellery
 n - an amulet of regeneration (around neck)
Scrolls
 i - a scroll of remove curse
 l - a scroll of identify {unknown}
 r - a scroll of fog {unknown}
Potions
 j - a potion of mutation {unknown}
 k - a potion of haste {unknown}
 m - a potion of agility {unknown}
Comestibles
 f - 6 rations


   Skills:
 + Level 2.0 Fighting
 + Level 3.3 Short Blades
 + Level 0.9 Polearms
 + Level 2.5 Throwing
 + Level 0.4 Armour
 * Level 2.0 Dodging
 * Level 5.4 Stealth


You had 4 spell levels left.
You didn't know any spells.
Your spell library was empty.

Dungeon Overview and Level Annotations

Branches:
Dungeon (4/15)
 Temple: D:4-7

Altars:
The Shining One


Innate Abilities, Weirdness & Mutations

You are small and have problems with some larger weapons.
You are somewhat resistant to further mutation.


Message History

The killer bee zombie hits you!
* * * LOW HITPOINT WARNING * * *
The killer bee zombie hits you.
* * * LOW HITPOINT WARNING * * *
You are feeling hungry.
You barely miss the killer bee zombie.
The killer bee zombie is almost destroyed.
The killer bee zombie hits you.
* * * LOW HITPOINT WARNING * * *
The killer bee zombie hits you but does no damage.
You hit the killer bee zombie.
The killer bee zombie is almost destroyed.
The killer bee zombie hits you but does no damage.
The killer bee zombie barely misses you.
You barely miss the killer bee zombie.
The killer bee zombie is almost destroyed.
The killer bee zombie hits you.
* * * LOW HITPOINT WARNING * * *
The killer bee zombie hits you.
You die...

#. ###....#
#.........+
#..#.#....#####+##
................
#.#............
#..............
##.............
#+#..PP.......####
.>...≈≈.......'.@#
.....PP..#....##Z#
........'##...##...
....⌠..##_##..###..#
........###...# ....
....#....#....#
#.###
....###.......# ..
.... .......# ..#
#... ..........


You could see a killer bee zombie.

Vanquished Creatures
  Jessica (D:3)
  A hound skeleton (D:3)
  A gnoll (D:1)
  2 adders (D:2)
  3 dart slugs
  4 giant cockroaches
  9 goblins
  5 hobgoblins
  A kobold (D:3)
  A quokka (D:3)
  3 bats (D:1)
  3 frilled lizards
  2 rats
36 creatures vanquished.

Notes
Turn   | Place    | Note
-------+----------+-------------------------------------------
     0 | D:1      | Nautrax the Halfling Assassin began the quest for the Orb.
     0 | D:1      | Reached XP level 1. HP: 14/14 MP: 1/1
    67 | D:1      | Reached XP level 2. HP: 19/19 MP: 2/2
   222 | D:1      | Reached skill level 5 in Stealth
   373 | D:1      | Reached XP level 3. HP: 24/24 MP: 3/3
  1329 | D:2      | Reached XP level 4. HP: 26/29 MP: 4/4
  1451 | D:3      | Noticed Jessica
  1473 | D:3      | Killed Jessica
  1489 | D:3      | Reached XP level 5. HP: 22/34 MP: 5/5
  1641 | D:4      | Found a glowing golden altar of the Shining One.
  1677 | D:4      | Slain by a killer bee zombie

Levels and vault maps discovered:
D:1:      minmay_arrival_open_corners, layout_basic, chequers_decorated_corner
D:2:      minmay_razor_zed, layout_basic, lemuel_crystal_altar,
          lemuel_crystal_altar, nicolae_ashenzari_panopticon
D:3:      layout_basic, kennysheep_slug_shrine, uniq_jessica, uniq_grinder
D:4:      layout_basic, grunt_gozag_statues, tso_oasis_becter,
          ebering_ghost_reflecting_pool, first_ration, led_xom_imps

Skill      XL: |  1  2  3  4 |
---------------+-------------+-----
Stealth        | 5 |  5.4
Short Blades   | 3 |  3.3
Fighting       | 2 |  2.0
Dodging        | 2 |  2.0
Polearms       | |  0.9
Throwing       | |  2.5
Armour         | |  0.4

Action                   |  1- 3 |  4- 6 || total
-------------------------+-------+-------++-------
Melee: Dagger            |    58 |       ||    58
       Spear             |       |    79 ||    79
Throw: Dart              |    43 |       ||    43
  Use: Scroll            |     4 |       ||     4
  Eat: Chunk             |     1 |     1 ||     2
Armor: Robe              |     1 |       ||     1
       Leather armour    |    10 |    26 ||    36
Dodge: Dodged            |    26 |    87 ||   113

Table legend:
 A = Non-vault XP
 B = Vault XP
 C = Vault XP percentage of total XP
 D = Non-vault monster count
 E = Vault monster count
 F = Vault count percentage of total count
                 A         B        C        D         E       F
            +---------+---------+-------+---------+---------+-------
      Total |     116 |      41 |  26.1 |      34 |       2 |   5.6
            +---------+---------+-------+---------+---------+-------
        D:1 |      46 |       0 |   0.0 |      17 |       0 |   0.0
        D:2 |      36 |       0 |   0.0 |       7 |       0 |   0.0
        D:3 |      34 |      41 |  54.7 |      10 |       2 |  16.7
            +---------+---------+-------+---------+---------+-------
